 Dungeon Crawl Stone Soup version 0.20.1-1-g8b1a95d (webtiles) character file.

45526 Fisto the Cleaver (level 14, -2/189 HPs)
             Began as a Hill Orc Abyssal Knight on Nov 15, 2017.
             Was an Elder of Lugonu.
             Slain by a white ugly thing (17 damage)
             ... on level 15 of the Dungeon on Nov 16, 2017.
             The game lasted 02:56:43 (23676 turns).

Fisto the Cleaver (Hill Orc Abyssal Knight)        Turns: 23676, Time: 02:56:43

Health: -2/189     AC: 27    Str: 20    XL:     14   Next: 33%
Magic:  21/21      EV:  2    Int: 10    God:    Lugonu [****..]
Gold:   910        SH:  0    Dex: 10    Spells: 13/13 levels left

rFire    . . .     SeeInvis .   z - +3 battleaxe (freeze)
rCold    + . .     Gourm    .   (shield currently unavailable)
rNeg     + + +     Faith    .   (armour currently unavailable)
rPois    +         Spirit   .   (helmet currently unavailable)
rElec    .         Reflect  .   (cloak currently unavailable)
rCorr    .         Harm     .   (gloves currently unavailable)
MR       +....     NoTele   +   (boots currently unavailable)
Stlth    +.........             m - amulet of magic regeneration
Regen    0.5/turn               b - ring of protection from cold
MPRegen  0.3/turn               A - ring of wizardry

@: lethally poisoned (-2 -> -5), tree-form
A: dopey 1, no potion heal 1
a: Depart the Abyss, Bend Space, Banish, Corrupt, Renounce Religion


You were on level 15 of the Dungeon.
You worshipped Lugonu.
Lugonu was greatly pleased with you.
You were not hungry.
You were a tree.
You visited 2 branches of the dungeon, and saw 15 of its levels.
You visited the Abyss 2 times.
You also visited: Ossuary.

You collected 2213 gold pieces.
You spent 1303 gold pieces at shops.

Inventory:

Hand Weapons
 f - a +4 hand axe of venom
 h - a +3 halberd
 q - a +3 halberd of chopping
 t - a +0 blowgun
 w - a +6 flail of freezing
 x - a +0 battleaxe
 z - a +3 battleaxe of freezing (weapon)
 J - a +3 dire flail of protection
 N - a +0 hand axe
Missiles
 E - 19 curare-tipped needles
 F - 38 poisoned needles
 H - 11 tomahawks
 O - 2 throwing nets
 R - 3 javelins (quivered)
Armour
 d - the +5 plate armour "Xilaskaw" (melded) {+Blink MR+ Int+3 Stlth+}
   (You found it on level 2 of the Abyss)

   It affects your intelligence (+3).
   It affects your resistance to hostile enchantments.
   It lets you blink.
   It makes you more stealthy.
 l - a +1 pair of boots (melded)
 n - a +1 helmet (melded)
 p - a +1 cloak (melded)
 y - a +1 pair of gloves (melded)
Jewellery
 b - a ring of protection from cold (left branch)
 m - an amulet of magic regeneration (around neck)
 A - a ring of wizardry (right branch)
Wands
 i - a wand of polymorph (1/24)
 C - a wand of random effects (28/48)
 I - a wand of lightning (0/15)
 L - a wand of polymorph (10/24)
Scrolls
 e - 4 scrolls of fog
 g - a scroll of remove curse
 j - 6 scrolls of teleportation
 B - 2 scrolls of identify
 G - 2 scrolls of recharging
 Q - a scroll of magic mapping
Potions
 k - 2 potions of brilliance
 o - a potion of agility
 s - a potion of flight
 u - a potion of magic
 v - a potion of degeneration {unknown}
 K - a potion of might
 M - a potion of heal wounds
 P - a potion of invisibility
 T - a potion of cancellation
Miscellaneous
 a - a lightning rod (inert)
Comestibles
 c - a bread ration
 D - 8 royal jellies


   Skills:
 + Level 12.2 Fighting
 + Level 14.9(16.4) Axes
 + Level 9.3(12.2) Maces & Flails
 + Level 4.8(9.7) Polearms
 + Level 7.4 Throwing
 + Level 13.1 Armour
 + Level 2.2 Dodging
 - Level 0.8 Stealth
 + Level 10.1 Invocations
 + Level 2.0 Evocations


You had 13 spell levels left.
You didn't know any spells.

Dungeon Overview and Level Annotations

Branches:
Dungeon (15/15)               Orc (2/2) D:10         Vaults (0/5) D:13
 Temple: D:4-7         Lair: D:8-11         Elf: Orc:2       Depths: D:15

Altars:
Cheibriados
Elyvilon
Fedhas
Gozag
Kikubaaqudgha
Nemelex Xobeh
Qazlal
Ru
Uskayaw
Vehumet
Xom
Yredelemnul
Zin
The Shining One

Shops:
D:14 [!?   Orc:2 ?!

Annotations:
D:15 exclusion: Roxanne, Roxanne


Innate Abilities, Weirdness & Mutations

((You are partially covered in thin metallic scales. (AC +2)))
You are dopey. (Int -2)
Potions are less effective at restoring your health.


Message History

The green ugly thing is lightly wounded.
You feel sick.
You slice the green ugly thing!! You freeze the green ugly thing.
The green ugly thing is severely wounded.
You feel sick. The green ugly thing pecks you.
* * * LOW HITPOINT WARNING * * *
You closely miss the green ugly thing.
The green ugly thing is severely wounded.
You feel sick.
The green ugly thing pecks you but does no damage.
You slice the green ugly thing!! You freeze the green ugly thing.
You kill the green ugly thing!
Lugonu accepts your kill.
You feel sick.
You slice the white ugly thing!! You freeze the white ugly thing.
The white ugly thing is moderately wounded.
The white ugly thing trunk-slaps you.
* * * LOW HITPOINT WARNING * * *
The white ugly thing freezes you! You resist.
You die...

###
###♣#
#.u##
###.#
#u#


#uuu# #uu..# ...### #...# ###.# You could see a white ugly thing.

Vanquished Creatures
  Nessos (D:13)
  A hydra (D:14)
  Erica (D:9)
  An ogre mage (D:14)
  5 centaur warriors
  3 tengu warriors
  5 two-headed ogres
  Sonja (D:11)
  A sixfirhy (Orc:2)
  3 wizards
  3 orc knights
  5 ugly things
  An orc sorcerer (D:15)
  A mana viper (shapeshifter) (D:14)
  A cyclops (D:11)
  2 centaur zombies
  Maurice (D:11)
  2 manticores
  A smoke demon (Orc:2)
  2 gargoyles
  A naga mage (D:15)
  A spiny frog (D:11)
  6 centaur skeletons
  A troll (shapeshifter) (D:13)
  An ice devil (Orc:2)
  A hornet (D:9)
  6 trolls
  A wind drake (shapeshifter) (D:14)
  3 meliai (D:14)
  A red devil (Orc:2)
  6 slime creatures
  5 hippogriffs
  2 wyverns
  9 yaks
  3 wraiths
  Grum (D:11)
  A hog (shapeshifter) (D:15)
  4 hogs (D:9)
  5 hungry ghosts
  A human (D:9)
  3 wargs
  A soldier ant (D:14)
  A water moccasin (D:10)
  An acid dragon (D:12)
  A black bear (D:12)
  25 orc warriors
  A phantom (D:12)
  A sky beast (D:14)
  4 ice beasts
  A hornet zombie (D:9)
  12 ogres
  A necrophage (D:12)
  2 wolves (D:11)
  10 centaurs
  2 big kobolds
  A crocodile (D:14)
  11 bullfrogs
  2 water moccasin zombies (Ossuary)
  A wyvern skeleton (D:10)
  6 scorpions
  20 killer bees
  12 wights
  A howler monkey (D:14)
  3 bullfrog zombies
  2 crimson imps
  8 jellies
  22 orc priests
  4 hounds
  A bullfrog skeleton (D:13)
  3 iguanas
  17 orc wizards
  8 worker ants
  2 big kobold zombies (Ossuary)
  2 mummies (Ossuary)
  2 worker ant zombies (D:11)
  Robin (D:2)
  8 gnolls
  14 adders
  2 shadow imps
  15 oozes
  An adder skeleton (D:9)
  6 adder zombies
  2 worms
  A leopard gecko (D:2)
  63 orcs
  A giant cockroach (D:4)
  3 gnoll zombies (Ossuary)
  25 goblins
  12 hobgoblins
  14 jackals
  16 kobolds
  2 quokkas (D:9)
  A ball python (D:1)
  A ball python skeleton (D:4)
  7 bats
  6 frilled lizards
  7 hobgoblin zombies (Ossuary)
  7 kobold zombies (Ossuary)
  2 leopard gecko skeletons
  5 orc zombies (Ossuary)
  2 quokka skeletons
  11 rats
  17 fungi
546 creatures vanquished.

Vanquished Creatures (collateral kills)
  An orc warrior (Orc:2)
  A jelly (Orc:2)
2 creatures vanquished.

Vanquished Creatures (others)
  A hydra (D:14)
  3 two-headed ogres
  A tengu warrior (D:11)
  An orc high priest (Orc:2)
  An orc knight (Orc:2)
  2 gargoyles (D:10)
  A yak (D:13)
  A naga (Orc:2)
  An orc warrior (D:12)
  A worker ant (D:11)
  A quokka (D:9)
  A demonic plant (Abyss:1)
  A fire vortex (Abyss:1)
  7 fungi (D:10)
23 creatures vanquished.

Grand Total: 571 creatures vanquished

Notes
Turn   | Place    | Note
-------+----------+-------------------------------------------
     0 | Abyss:1  | Fisto the Hill Orc Abyssal Knight began the quest for the Orb.
     0 | Abyss:1  | Reached XP level 1. HP: 19/19 MP: 2/2
    22 | Abyss:1  | Found a viscous altar of Jiyva.
    61 | Abyss:1  | Noticed a tentacled starspawn
    68 | Abyss:2  | Noticed a spatial vortex
    71 | Abyss:2  | Noticed a spatial vortex
    74 | Abyss:2  | Got a distressingly furry plate armour
    81 | D:1      | Escaped the Abyss
    93 | D:1      | Identified the +5 plate armour "Xilaskaw" {+Blink MR+ Int+3 Stlth+} (You found it on level 2 of the Abyss)
   157 | D:1      | Reached * piety under Lugonu
   184 | D:1      | Reached XP level 2. HP: 27/27 MP: 3/3
   520 | D:1      | Reached skill level 3 in Axes
   697 | D:1      | Reached XP level 3. HP: 34/34 MP: 5/5
   764 | D:2      | Noticed Robin
   976 | D:3      | Reached XP level 4. HP: 23/41 MP: 6/6
  1252 | D:3      | Noticed a hand axe
  1253 | D:3      | Noticed a hand axe
  1254 | D:3      | Found a hide-covered altar of Uskayaw.
  1438 | D:2      | Reached skill level 4 in Axes
  1442 | D:2      | Reached ** piety under Lugonu
  1527 | D:2      | Found a faded altar of an unknown god.
  1556 | D:2      | Killed Robin
  1556 | D:2      | Reached skill level 5 in Fighting
  1557 | D:2      | Reached XP level 5. HP: 38/48 MP: 7/7
  1618 | D:2      | Found an ancient bone altar of Kikubaaqudgha.
  1757 | D:2      | Found a blossoming altar of Fedhas.
  1829 | D:2      | Found a glowing golden altar of the Shining One.
  1831 | D:2      | Found a sacrificial altar of Ru.
  1831 | D:2      | Found a radiant altar of Vehumet.
  1841 | D:2      | Found a shimmering altar of Xom.
  1841 | D:2      | Found a shimmering altar of Xom.
  1841 | D:2      | Found a white marble altar of Elyvilon.
  2095 | D:3      | Reached *** piety under Lugonu
  2567 | D:4      | Reached skill level 5 in Axes
  2812 | D:4      | Reached XP level 6. HP: 40/56 MP: 8/8
  2986 | D:4      | Reached skill level 6 in Axes
  3065 | D:4      | Found a sacrificial altar of Ru.
  3122 | D:4      | Found a sand-covered staircase.
  3128 | Ossuary  | Entered an ossuary
  3405 | Ossuary  | Reached skill level 7 in Axes
  3405 | Ossuary  | Reached XP level 7. HP: 57/62 MP: 9/9
  3519 | Ossuary  | Reached **** piety under Lugonu
  4212 | D:4      | Found a glowing silver altar of Zin.
  4212 | D:4      | Found a stormy altar of Qazlal.
  4312 | D:5      | Entered Level 5 of the Dungeon
  4315 | D:5      | Reached skill level 8 in Axes
  5530 | D:6      | Reached skill level 1 in Polearms
  5530 | D:6      | Reached XP level 8. HP: 63/70 MP: 10/10
  5871 | D:6      | Found an opulent altar of Gozag.
  5924 | D:6      | Reached skill level 5 in Armour
  6186 | D:6      | Reached skill level 1 in Throwing
  6300 | D:6      | Reached skill level 9 in Axes
  6570 | D:6      | Found a glowing golden altar of the Shining One.
  6643 | D:6      | You fall through a shaft for 3 floors!
  6657 | D:9      | Gained mutation: Potions are less effective at restoring your health. [potion of mutation]
  6657 | D:9      | Gained mutation: You are dopey. (Int -2) [potion of mutation]
  6657 | D:9      | Gained mutation: You are partially covered in thin metallic scales. (AC +2) [potion of mutation]
  6707 | D:9      | Reached skill level 1 in Dodging
  6727 | D:9      | Noticed Erica
  6729 | D:9      | Noticed a troll
  6730 | D:9      | Reached XP level 9. HP: 30/78 MP: 11/11
  6742 | D:10     | Entered Level 10 of the Dungeon
  7391 | D:10     | Noticed a gargoyle
  7394 | D:10     | Reached ***** piety under Lugonu
  7394 | D:10     | Banished a gargoyle
  7394 | D:10     | Reached skill level 10 in Axes
  7499 | D:10     | Identified 2 scrolls of acquirement
  7506 | D:10     | Noticed a gargoyle
  7510 | D:10     | Banished a gargoyle
  7887 | D:10     | Found a staircase to the Orcish Mines.
  8099 | D:10     | Reached skill level 11 in Axes
  8099 | D:10     | Reached XP level 10. HP: 80/86 MP: 13/13
  8164 | D:10     | Noticed a two-headed ogre
  8572 | D:10     | Banished a two-headed ogre
  8572 | D:10     | Reached skill level 5 in Invocations
  9249 | D:9      | Found a sparkling altar of Nemelex Xobeh.
  9523 | D:9      | Killed Erica
  9523 | D:9      | Reached skill level 12 in Axes
  9964 | D:9      | Noticed a two-headed ogre
  9986 | D:9      | Killed a two-headed ogre
 10224 | D:9      | Found a snail-covered altar of Cheibriados.
 10547 | D:9      | Reached XP level 11. HP: 73/95 MP: 16/16
 10735 | D:9      | Noticed a two-headed ogre
 10741 | D:9      | Banished a two-headed ogre
 11659 | Orc:1    | Entered Level 1 of the Orcish Mines
 11697 | D:11     | Noticed Grum
 11719 | D:11     | Killed Grum
 12058 | D:11     | Got an ebony whip
 12234 | D:11     | Noticed a manticore
 12249 | D:11     | Killed a manticore
 12409 | D:11     | Noticed a two-headed ogre
 12410 | D:11     | Noticed a tengu warrior
 12410 | D:11     | Noticed a tengu warrior
 12412 | D:11     | Noticed Sonja
 12481 | D:11     | Killed a tengu warrior
 12481 | D:11     | Reached skill level 10 in Armour
 12515 | D:11     | Banished a tengu warrior
 12635 | D:11     | Killed a two-headed ogre
 12992 | D:12     | Noticed a red ugly thing
 13258 | D:11     | Killed a red ugly thing
 13258 | D:11     | Reached skill level 5 in Maces & Flails
 13696 | D:11     | Noticed Maurice
 13731 | D:11     | Killed Maurice
 14287 | D:12     | Noticed a white ugly thing
 14300 | D:12     | Reached XP level 12. HP: 100/104 MP: 18/18
 14611 | D:13     | Noticed a centaur warrior
 14633 | D:13     | Killed a centaur warrior
 14633 | D:13     | Reached skill level 13 in Axes
 16215 | D:11     | Killed Sonja
 16215 | D:11     | Reached skill level 10 in Fighting
 16514 | D:11     | Noticed Erolcha
 16516 | D:11     | Noticed Erolcha
 16516 | D:11     | Erolcha changed into Erolcha the spiny frog
 16528 | D:11     | Killed Erolcha the spiny frog
 17168 | Orc:2    | Entered Level 2 of the Orcish Mines
 17646 | Orc:2    | Reached skill level 5 in Throwing
 17961 | Orc:2    | Reached skill level 14 in Axes
 18087 | Orc:2    | Found Ucisonwu's Magic Scroll Emporium.
 18312 | Orc:2    | Found Hiuwno's Distillery.
 18637 | Orc:2    | Noticed an orc high priest
 18642 | Orc:2    | Banished an orc high priest
 18642 | Orc:2    | Reached skill level 1 in Evocations
 18684 | Orc:2    | Bought a potion of might for 56 gold pieces
 18684 | Orc:2    | Bought a potion of might for 56 gold pieces
 18684 | Orc:2    | Bought a potion of heal wounds for 70 gold pieces
 18684 | Orc:2    | Bought a potion of might for 56 gold pieces
 18684 | Orc:2    | Bought a potion of invisibility for 112 gold pieces
 18686 | Orc:2    | Bought a scroll of magic mapping for 59 gold pieces
 18686 | Orc:2    | Bought a scroll of enchant armour for 127 gold pieces
 18686 | Orc:2    | Bought a scroll of teleportation for 51 gold pieces
 18744 | Orc:2    | Bought a scroll of enchant armour for 127 gold pieces
 18918 | Orc:2    | Reached XP level 13. HP: 82/114 MP: 20/20
 20308 | D:13     | Found a gate to the Vaults.
 20412 | D:13     | Noticed Nessos
 20430 | D:13     | Killed Nessos
 21649 | D:14     | Found Zelozaydi's Armour Shop.
 22178 | D:14     | Found a basalt altar of Yredelemnul.
 22254 | D:14     | Reached XP level 14. HP: 90/125 MP: 21/21
 22290 | D:14     | Reached skill level 10 in Invocations
 22634 | D:14     | Found a blossoming altar of Fedhas.
 22720 | D:14     | Found Lygy's Distillery.
 22927 | D:14     | Bought a potion of heal wounds for 80 gold pieces
 22927 | D:14     | Bought a potion of curing for 48 gold pieces
 22927 | D:14     | Bought a potion of heal wounds for 80 gold pieces
 22927 | D:14     | Bought a potion of might for 64 gold pieces
 22927 | D:14     | Bought a potion of cancellation for 128 gold pieces
 23004 | D:14     | Found Eplunwat's Magic Scroll Emporium.
 23027 | D:14     | Bought a scroll of enchant weapon for 135 gold pieces
 23027 | D:14     | Bought a scroll of remove curse for 54 gold pieces
 23077 | D:15     | Entered Level 15 of the Dungeon
 23162 | D:15     | Noticed Roxanne
 23535 | D:15     | HP: 4/126 [poisoned by a naga mage (poison arrow)]
 23609 | Abyss:1  | Found a corrupted altar of Lugonu.
 23629 | D:15     | Escaped the Abyss
 23676 | D:15     | Slain by a white ugly thing

Skill      XL: |  1  2  3  4  5  6  7  8  9 10 11 12 13 14 |
---------------+-------------------------------------------+-----
Fighting       | 4 5 6 7 8 9 10 11 12 | 12.2
Axes           | 3 4 5 7 8 9 11 12 14 | 14.9
Armour         | 3 4 6 8 9 10 11 12 13 | 13.1
Invocations    | 3 4 7 8 9 10 | 10.1
Polearms       | 1 3 4 |  4.8
Throwing       | 1 2 3 4 5 7 |  7.4
Dodging        | 1 2 |  2.2
Maces & Flails | 2 5 6 8 9 |  9.3
Evocations     | 1 2 |  2.0
Stealth        | |  0.8

Action                   |  1- 3 |  4- 6 |  7- 9 | 10-12 | 13-15 || total
-------------------------+-------+-------+-------+-------+-------++-------
Melee: Hand axe          |   114 |   250 |   456 |   606 |   370 ||  1796
       Halberd           |       |       |   105 |    33 |       ||   138
       Mace              |       |       |       |   194 |       ||   194
       Spear             |       |       |       |     4 |       ||     4
       Battleaxe         |       |       |       |    16 |    27 ||    43
       Dire flail        |       |       |       |    15 |   255 ||   270
 Fire: Blowgun           |       |       |       |    54 |    11 ||    65
Throw: Javelin           |       |     9 |    23 |    58 |    48 ||   138
       Tomahawk          |       |       |       |    35 |    36 ||    71
       Throwing net      |       |       |       |     1 |       ||     1
Invok: Depart the Abyss  |     1 |       |       |       |     1 ||     2
       Bend Space        |       |     5 |     2 |    11 |     2 ||    20
       Banish            |       |       |     2 |    15 |     5 ||    22
       Enter the Abyss   |       |       |       |       |     1 ||     1
 Abil: Evoke Blink       |       |     1 |       |       |     1 ||     2
Evoke: Wand              |       |       |       |    13 |     9 ||    22
       Lightning rod     |       |       |       |     4 |     4 ||     8
  Use: Scroll            |     3 |     3 |     8 |    21 |     4 ||    39
       Potion            |     1 |     2 |     7 |    11 |     8 ||    29
  Eat: Chunk             |       |     7 |     5 |    18 |     7 ||    37
       Meat ration       |       |       |     2 |     2 |     3 ||     7
       Bread ration      |       |       |     1 |     3 |     3 ||     7
       Royal jelly       |       |       |       |     1 |       ||     1
       Fruit             |       |       |       |     3 |       ||     3
Armor: Plate armour      |   104 |   268 |   353 |   635 |   508 ||  1868
       Skin              |       |       |       |       |     8 ||     8
Dodge: Dodged            |    29 |    70 |   113 |   280 |   190 ||   682
